 Dungeon Crawl Stone Soup version 0.23-a0-451-g1044d4c (webtiles) character file.

524848 theanonym the Warrior (level 24, -51/206 HPs)
             Began as a Mummy Warper on Nov 23, 2018.
             Was the Champion of Ashenzari.
             Killed from afar by an ancient lich (72 damage)
             ... with a crystal spear
             ... on level 5 of the Vaults.
             The game lasted 02:35:37 (74716 turns).

theanonym the Warrior (Mummy Warper)               Turns: 74716, Time: 02:35:37

Health: -51/206    AC: 32    Str: 30    XL:     24   Next: 76%
Magic:  0/51       EV: 15    Int: 25    God:    Ashenzari [******]
Gold:   4279       SH: 16    Dex: 12    Spells: 13/53 levels left

rFire    + + .     SeeInvis +   O - +4 broad axe (flame)
rCold    + + +     Gourm    .   Q - +1 shield "Quffa" {rElec Int+6} (curse)
rNeg     + + +     Faith    .   z - +2 plate armour {rF+} (curse)
rPois    ∞         Spirit   +   x - +2 helmet (curse)
rElec    +         Reflect  .   M - scarf {rC+ rF+} (curse)
rCorr    .         Harm     .   p - +1 pair of gloves (curse)
MR       ++++.     Clarity  +   g - +2 pair of boots {run} (curse)
Stlth    ..........             S - amulet of Mistrust {Spirit Fragile Str+6 Stlth+} (curse)
HPRegen  0.44/turn              R - ring "Paot" {rF+ rN+ MP+9 Str+2 Stlth+} (curse)
MPRegen  0.32/turn              L - ring of Eskyf {rPois rC+ rN+ MR+ Int+4} (curse)

@: about to teleport, very slightly contaminated, quick
A: no food or potions, fire vulnerability, cold resistance 1, negative energy
resistance 3, torment resistance, unbreathing, in touch with death 1
}: 2/15 runes: barnacled, gossamer
a: Curse Item, Scrying, Transfer Knowledge, Renounce Religion


Innate Abilities, Weirdness & Mutations

You do not eat or drink.
Your flesh is vulnerable to fire.
You are immune to poison.
Your flesh is cold resistant. (rC+)
You are immune to negative energy. (rN+++)
You are immune to unholy pain and torment.
You can survive without breathing.
You are in touch with the powers of death.


   Skills:
 - Level 20.7 Fighting
 + Level 19.1 Axes
 - Level 0.7 Throwing
 - Level 16.3(21.4) Armour
 + Level 12.8 Dodging
 - Level 12.3(15.0) Shields
 - Level 15.0 Spellcasting
 - Level 5.5(10.0) Summonings
 + Level 9.4(13.7) Necromancy
 - Level 3.3(7.3) Translocations
 - Level 1.8(5.0) Evocations


You had 13 spell levels left.
You knew the following spells:

 Your Spells              Type           Power        Failure   Level  Hunger
a - Passage of Golubria   Tloc           N/A          5%          4    N/A
b - Darkness              Hex            ###.......   100%        6    N/A
c - Dispel Undead         Necr           #######.     1%          5    N/A
d - Infestation           Necr           #######...   94%         8    N/A
e - Lesser Beckoning      Tloc           ######....   1%          3    N/A
l - Blink                 Tloc           N/A          1%          2    N/A
q - Apportation           Tloc           ######       1%          1    N/A
t - Deflect Missiles      Chrm/Air       ###.......   100%        6    N/A
x - Aura of Abjuration    Summ           ######....   4%          5    N/A

Your spell library contained the following spells:

 Spells                   Type           Power        Failure   Level  Hunger
 Animate Skeleton         Necr           N/A          1%          1    N/A
 Pain                     Necr           ####         1%          1    N/A
 Summon Small Mammal      Summ           ####         1%          1    N/A
 Call Imp                 Summ           ######..     1%          2    N/A
 Corpse Rot               Necr           N/A          1%          2    N/A
 Call Canine Familiar     Summ           ######..     1%          3    N/A
 Gell's Gravitas          Tloc           ######....   1%          3    N/A
 Recall                   Summ/Tloc      N/A          1%          3    N/A
 Teleport Other           Tloc           ######..     1%          3    N/A
 Vampiric Draining        Necr           #######...   1%          3    N/A
 Animate Dead             Necr           N/A          1%          4    N/A
 Agony                    Necr           #######.     1%          5    N/A
 Shroud of Golubria       Chrm/Tloc      #####.....   3%          2    N/A
 Summon Guardian Golem    Hex/Summ       #####...     3%          3    N/A
 Summon Demon             Summ           ######....   4%          5    N/A
 Portal Projectile        Hex/Tloc       #####.       6%          3    N/A
 Death Channel            Necr           #######...   6%          6    N/A
 Confusing Touch          Hex            ###...       9%          1    N/A
 Flame Tongue             Conj/Fire      ###..        9%          1    N/A
 Freeze                   Ice            ###.         9%          1    N/A
 Magic Dart               Conj           ###.         9%          1    N/A
 Sandblast                Erth           ###...       9%          1    N/A
 Shock                    Conj/Air       ###.         9%          1    N/A
 Summon Forest            Summ/Tloc      ######....   9%          5    N/A
 Ensorcelled Hibernation  Hex/Ice        ###...       12%         2    N/A
 Passwall                 Tmut/Erth      ###.....     12%         2    N/A
 Searing Ray              Conj           ###...       12%         2    N/A
 Sticks to Snakes         Tmut           ###.....     12%         2    N/A
 Swiftness                Chrm/Air       ###.....     12%         2    N/A
 Throw Frost              Conj/Ice       ###...       12%         2    N/A
 Summon Ice Beast         Ice/Summ       #####...     12%         4    N/A
 Summon Lightning Spire   Summ/Air       #####...     12%         4    N/A
 Borgnjor's Vile Clutch   Necr/Erth      ######....   16%         5    N/A
 Force Lance              Conj/Tloc      #####...     21%         4    N/A
 Confuse                  Hex            ###.....     24%         3    N/A
 Dazzling Spray           Conj/Hex       ###...       24%         3    N/A
 Ignite Poison            Fire/Tmut/Pois ###.....     24%         3    N/A
 Ozocubu's Armour         Chrm/Ice       ###.....     24%         3    N/A
 Static Discharge         Conj/Air       ###.....     24%         3    N/A
 Stone Arrow              Conj/Erth      ###...       24%         3    N/A
 Shadow Creatures         Summ           N/A          26%         6    N/A
 Summon Mana Viper        Hex/Summ       #####...     32%         5    N/A
 Haunt                    Necr/Summ      #######...   56%         7    N/A
 Airstrike                Air            ###.......   63%         4    N/A
 Cause Fear               Hex            ###.......   63%         4    N/A
 Fulminant Prism          Conj/Hex       ###.......   63%         4    N/A
 Iskenderun's Mystic Bla  Conj           ###.....     63%         4    N/A
 Leda's Liquefaction      Hex/Erth       ###.......   63%         4    N/A
 Petrify                  Tmut/Erth      ###.....     63%         4    N/A
 Throw Icicle             Conj/Ice       ###.....     63%         4    N/A
 Dispersal                Tloc           ######....   63%         6    N/A
 Simulacrum               Ice/Necr       ######....   65%         6    N/A
 Alistair's Intoxication  Tmut/Pois      ###.....     92%         5    N/A
 Bolt of Magma            Conj/Fire/Erth ###.......   92%         5    N/A
 Irradiate                Conj/Tmut      ###.......   92%         5    N/A
 Iskenderun's Battlesphe  Conj/Chrm      ###.....     92%         5    N/A
 Lee's Rapid Deconstruct  Erth           ###.......   92%         5    N/A
 Lightning Bolt           Conj/Air       ###.......   92%         5    N/A
 Metabolic Englaciation   Hex/Ice        ###.......   92%         5    N/A
 Silence                  Hex/Air        ###.......   92%         5    N/A
 Venom Bolt               Conj/Pois      ###.......   92%         5    N/A
 Yara's Violent Unravell  Hex/Tmut       ###.......   92%         5    N/A
 Conjure Ball Lightning   Conj/Air       ###.......   100%        6    N/A
 Iron Shot                Conj/Erth      ###.......   100%        6    N/A
 Orb of Destruction       Conj           ###.......   100%        7    N/A
 Spellforged Servitor     Conj/Summ      #####.....   100%        7    N/A
 Controlled Blink         Tloc           N/A          100%        8    N/A
 Discord                  Hex            ###.......   100%        8    N/A
 Disjunction              Tloc           ######....   100%        8    N/A
 Shatter                  Erth           ###.......   100%        9    N/A
 Tornado                  Air            ###.......   100%        9    N/A
 Sublimation of Blood     Necr           Unusable     N/A         2    N/A
 Regeneration             Chrm/Necr      Unusable     N/A         3    N/A
 Beastly Appendage        Tmut           Unusable     N/A         1    N/A
 Spider Form              Tmut/Pois      Unusable     N/A         3    N/A
 Ice Form                 Ice/Tmut       Unusable     N/A         4    N/A
 Blade Hands              Tmut           Unusable     N/A         5    N/A
 Borgnjor's Revivificati  Necr           Unusable     N/A         8    N/A
 Statue Form              Tmut/Erth      Unusable     N/A         6    N/A
 Death's Door             Chrm/Necr      Unusable     N/A         8    N/A
 Necromutation            Tmut/Necr      Unusable     N/A         8    N/A

Skill      XL: |  1  2  3  4  5  6  7  8  9 10 11 12 13 14 15 16 17 18 19 20 21 22 23 24 |
---------------+-------------------------------------------------------------------------+-----
Maces & Flails | 2 3 4 5 6 8 9 10 7 5 1 0 |  0.0
Fighting       | 3 4 5 7 8 9 10 11 12 14 15 16 17 18 20 | 20.7
Shields        | 3 5 6 8 9 10 11 12 | 12.3
Armour         | 5 8 10 11 12 14 15 16 | 16.3
Axes           | 4 9 11 13 15 17 18 19 | 19.1
Dodging        | 3 5 7 9 10 11 12 | 12.8
Spellcasting   | 5 8 11 13 15 | 15.0
Necromancy     | 3 6 7 9 |  9.4
Evocations     | 1 |  1.8
Summonings     | 4 5 |  5.5
Translocations | 3 |  3.3
Throwing       | |  0.7

Action                   |  1- 3 |  4- 6 |  7- 9 | 10-12 | 13-15 | 16-18 | 19-21 | 22-24 || total
-------------------------+-------+-------+-------+-------+-------+-------+-------+-------++-------
Melee: Mace              |   106 |       |       |       |       |       |       |       ||   106
       Flail             |    17 |   163 |   533 |  1293 |  2458 |       |       |       ||  4464
       Hand axe          |       |       |       |       |   533 |  2254 |  1703 |       ||  4490
       Broad axe         |       |       |       |       |       |       |   213 |  1901 ||  2114
       Eveningstar       |       |       |       |       |       |       |       |     4 ||     4
Throw: Tomahawk          |       |       |     5 |       |       |       |       |       ||     5
       Throwing net      |       |       |     1 |     1 |     4 |     4 |     2 |     4 ||    16
 Cast: Apportation       |       |       |       |       |       |     3 |       |       ||     3
       Dispel Undead     |       |       |       |       |       |       |       |    40 ||    40
       Aura of Abjuratio |       |       |       |       |       |       |       |     2 ||     2
       Blink             |       |       |       |       |       |       |       |     1 ||     1
Invok: Curse Item        |       |     2 |     1 |     2 |     2 |     1 |     2 |     1 ||    11
       Transfer Knowledg |       |       |       |       |     1 |     1 |     1 |     1 ||     4
Evoke: Wand              |       |    12 |    16 |    35 |    18 |    24 |     6 |     1 ||   112
  Use: Scroll            |       |       |     8 |     9 |    10 |     3 |    15 |     8 ||    53
 Stab: Held in net/web   |       |       |     1 |       |     2 |     1 |     3 |     2 ||     9
       Paralysed         |       |       |       |    30 |       |       |       |       ||    30
       Distracted        |       |       |       |       |     1 |       |       |       ||     1
Armor: Leather armour    |     3 |       |       |       |       |       |       |       ||     3
       Ring mail         |    58 |    66 |       |       |       |       |       |       ||   124
       Scale mail        |       |    17 |    67 |       |       |       |       |       ||    84
       Chain mail        |       |       |   297 |    77 |       |       |       |       ||   374
       Fire dragon scale |       |       |       |    80 |       |       |       |       ||    80
       Plate armour      |       |       |       |   489 |  1212 |   816 |   553 |   857 ||  3927
Dodge: Dodged            |    77 |    97 |   169 |   241 |   852 |   695 |   417 |   702 ||  3250
Block: Shield            |       |       |   110 |   614 |  1655 |  1313 |   932 |  1261 ||  5885
       Reflection        |       |       |       |       |     8 |       |       |       ||     8

Inventory:

Hand Weapons
 b - a +0 executioner's axe
   (You found it on level 3 of the Lair of Beasts)
 D - the +2 eveningstar of Shrieking Terror {freeze, rPois rF+}
   (You took it off a skeletal warrior on level 3 of the Crypt)

   It has been specially enchanted to freeze those struck by it, causing extra
   injury to most foes and up to half again as much damage against particularly
   susceptible opponents.
   It can also slow down cold-blooded creatures.
   It protects you from fire.
   It protects you from poison.
 O - a +4 broad axe of flaming (weapon)
   (You took it off a vault guard on level 14 of the Dungeon)
Missiles
 k - 8 throwing nets (quivered)
 W - 11 tomahawks of returning
Armour
 g - a cursed +2 pair of boots of running (worn)
   (You found it on level 1 of the Dungeon)
 i - the cursed -3 hat of Coziomor {rF+ rC+}
   (You found it on level 4 of the Vaults)

   It protects you from fire.
   It protects you from cold.
   It has a curse placed upon it.
 p - a cursed +1 pair of gloves (worn)
   (You found it on level 4 of the Spider Nest)
 x - a cursed +2 helmet (worn)
   (You found it on level 2 of the Lair of Beasts)
 z - a cursed +2 plate armour of fire resistance (worn)
   (You bought it in a shop on level 6 of the Dungeon)
 M - a cursed scarf of resistance (worn)
   (You found it on level 11 of the Dungeon)
 Q - the cursed +1 shield "Quffa" (worn) {rElec Int+6}
   (You found it on level 2 of the Spider Nest)

   It affects your intelligence (+6).
   It insulates you from electricity.
   It has a curse placed upon it.
Magical Staves
 H - an uncursed staff of wizardry
   (You found it on level 13 of the Dungeon)
Jewellery
 o - an uncursed ring of flight
   (You found it on level 2 of the Crypt)
 E - the ring "Woreil" {rPois rC+ MP+9 Dex-2}
   (You found it in a labyrinth)

   [ring of protection from cold]

   It affects your dexterity (-2).
   It protects you from cold.
   It protects you from poison.
   It affects your magic capacity (+9).
 L - the cursed ring of Eskyf (right hand) {rPois rC+ rN+ MR+ Int+4}
   (You bought it in a shop on level 3 of the Elven Halls)

   [ring of intelligence]

   It affects your intelligence (+4).
   It protects you from cold.
   It protects you from poison.
   It protects you from negative energy.
   It affects your resistance to hostile enchantments.
   It has a curse placed upon it.
 P - the amulet of Anoifesm {Spirit Int+4}
   (You found it on level 2 of the Shoals)

   [amulet of guardian spirit]

   It causes incoming damage to be split between your health and magic.
   It affects your intelligence (+4).
 R - the cursed ring "Paot" (left hand) {rF+ rN+ MP+9 Str+2 Stlth+}
   (You acquired it on level 2 of the Spider Nest)

   [ring of magical power]

   It affects your strength (+2).
   It protects you from fire.
   It protects you from negative energy.
   It affects your magic capacity (+9).
   It makes you more stealthy.
   It has a curse placed upon it.
 S - the cursed amulet of Mistrust (around neck) {Spirit Fragile Str+6 Stlth+}
   (You found it on level 3 of the Spider Nest)

   [amulet of guardian spirit]

   It causes incoming damage to be split between your health and magic.
   It affects your strength (+6).
   It will be destroyed if unequipped.
   It makes you more stealthy.
   It has a curse placed upon it.
 Z - an uncursed amulet of regeneration
   (You found it on level 3 of the Shoals)
Wands
 c - a wand of clouds (1)
   (You found it on level 2 of the Spider Nest)
 d - a wand of digging (6)
   (You took it off a merfolk siren on level 2 of the Shoals)
 v - a wand of acid (10)
   (You took it off a deep elf mage on level 2 of the Elven Halls)
 A - a wand of iceblast (8)
   (You found it on level 4 of the Vaults)
 F - a wand of polymorph (23)
   (You found it on level 13 of the Dungeon)
 G - a wand of scattershot (12)
   (You found it on level 1 of the Shoals)
 K - a wand of flame (61)
   (You took it off an orc warrior on level 11 of the Dungeon)
 N - a wand of random effects (71)
   (You found it on level 2 of the Vaults)
 Y - a wand of paralysis (11)
   (You found it on level 3 of the Shoals)
Scrolls
 a - 3 scrolls of enchant weapon
 f - 3 scrolls of fog
 h - 2 scrolls of torment
 j - 10 scrolls of fear
 m - a scroll of brand weapon
 n - 5 scrolls of remove curse
 q - 8 scrolls of immolation
 r - 34 scrolls of identify
 s - 4 scrolls of silence
 t - 12 scrolls of teleportation {!r}
 w - 4 scrolls of enchant armour
 y - 8 scrolls of magic mapping
 B - 2 scrolls of blinking
Miscellaneous
 l - a lamp of fire
   (You found it on level 3 of the Elven Halls)
 T - 3 boxes of beasts
 U - 4 phantom mirrors
 X - a fan of gales
   (You found it on level 3 of the Shoals)


You were on level 5 of the Vaults.
You worshipped Ashenzari.
Ashenzari was exalted by your worship.
You were not hungry.

You visited 9 branches of the dungeon, and saw 47 of its levels.
You visited the Abyss 3 times.
You visited 1 bazaar.
You also visited: Labyrinth and Volcano.

You collected 6088 gold pieces.
You spent 1809 gold pieces at shops.

Dungeon Overview and Level Annotations

Branches:
Dungeon (15/15)            Temple (0/1) D:4            Lair (6/6) D:8
 Shoals (4/4) Lair:3       Spider (4/4) Lair:3        Slime (0/5) Lair:5
    Orc (2/2) D:9             Elf (3/3) Orc:2        Vaults (5/5) D:14
  Crypt (3/3) Vaults:3       Tomb (0/3) Crypt:3      Depths (5/5) D:15
    Zot (0/5) Depths:5

Altars:
Ashenzari
Cheibriados
Dithmenos
Elyvilon
Fedhas
Gozag
Kikubaaqudgha
Makhleb
Sif Muna
Uskayaw
Vehumet
Wu Jian
Xom

Shops:
D:6 [   Orc:2 *:!*   Elf:2 (*   Elf:3 !=([[   Shoals:3 %   Vaults:2 %
Depths:1 =}=

Portals:
Hell: Lair:6 Depths:1 Depths:2 Depths:3 Depths:4 Depths:5
Abyss: Depths:3 Depths:4
Pandemonium: Depths:3 Depths:4
Ziggurat: Depths:1
Trove: D:15 (give 8 scrolls of blinking)

Annotations:
D:11 1 runed door
D:12 exclusion: door
Lair:6 exclusion: dancing weapon
Elf:2 2 runed doors
Elf:3 1 exclusion
Crypt:3 Mennas

,,,,,,,∆∆∆*,,#.pX.##.(##...##*#+#
***********,,#.eep###..({C..##p..
,,,,,,,,,,,,,#....#,####TpQ......
,,,,,,,,,,,,,#....#.,**##p*...#+#
***********,,#....#...###)...##,*
,,,,,,,,∆,*,,#....#.$$.+.CD..#*,*
,,,,,,,,∆∆*,,#....#...###))..##**
***********,,#....#.,**##.)...##*
,,,,,,,,,,,,,#.L@.#,####....p..e.
,,,,,,,,,,,,,#....###.......##...
**********#..#....##..##...##*#+#
,,,,,,,∆∆∆#..#....##.####.## **.#
,,,,,,,∆∆∆#..#....##.##*#.# **,,,
*******####..#....##..##..#**,,,,
,,,,,,,...........#......##*,,,,,
,,,,,,,,.............#####*,,,,,,
############.....)..####*********


You could see an ancient lich, a vault warden, a deep elf annihilator and a deep
elf mage.

Notes
Turn   | Place    | Note
-------+----------+-------------------------------------------
     0 | D:1      | theanonym the Mummy Warper began the quest for the Orb.
     0 | D:1      | Reached XP level 1. HP: 16/16 MP: 4/4
   292 | D:1      | Identified a +1 pair of boots of running (You found it on
                  | level 1 of the Dungeon)
   320 | D:1      | Reached skill level 2 in Maces & Flails
   334 | D:1      | Reached XP level 2. HP: 22/22 MP: 5/5
  1141 | D:2      | Reached XP level 3. HP: 15/28 MP: 7/7
  1153 | D:2      | Found a deep blue altar of Sif Muna.
  1450 | D:2      | Reached skill level 3 in Maces & Flails
  1474 | D:2      | Found a shimmering altar of Xom.
  1636 | D:2      | Reached skill level 3 in Fighting
  1636 | D:2      | Reached XP level 4. HP: 35/35 MP: 8/8
  1871 | D:2      | Found a shattered altar of Ashenzari.
  1879 | D:2      | Became a worshipper of Ashenzari the Shackled
  1919 | D:3      | Noticed Sigmund
  1980 | D:3      | Noticed a phantom
  2066 | D:3      | Found an opulent altar of Gozag.
  2463 | D:3      | Noticed Sigmund
  2463 | D:3      | Sigmund changed into Sigmund the centaur
  2464 | D:3      | Noticed Sigmund
  2464 | D:3      | Sigmund the centaur changed into Sigmund the big kobold
  2470 | D:3      | Killed Sigmund the big kobold
  2470 | D:3      | Reached skill level 4 in Maces & Flails
  2470 | D:3      | Reached XP level 5. HP: 41/41 MP: 9/9
  2496 | D:3      | Killed a phantom
  2496 | D:3      | Reached skill level 4 in Fighting
  2496 | D:3      | Reached XP level 6. HP: 37/48 MP: 10/10
  2716 | D:3      | Noticed Ijyb
  2741 | D:3      | Killed Ijyb
  2764 | D:3      | HP: 21/48 [orc priest/divine providence (15)]
  3319 | D:4      | Reached skill level 5 in Maces & Flails
  3333 | D:4      | Found a blossoming altar of Fedhas.
  3401 | D:4      | Reached XP level 7. HP: 36/55 MP: 11/11
  3588 | D:4      | Found a staircase to the Ecumenical Temple.
  3782 | D:5      | Entered Level 5 of the Dungeon
  4093 | D:5      | Reached skill level 5 in Fighting
  4163 | D:5      | Noticed Menkaure
  4173 | D:5      | Killed Menkaure
  4173 | D:5      | Reached skill level 6 in Maces & Flails
  4754 | D:6      | Noticed Edmund
  4768 | D:6      | Killed Edmund
  4768 | D:6      | Reached XP level 8. HP: 63/64 MP: 12/12
  4828 | D:6      | Reached skill level 6 in Fighting
  4831 | D:6      | Reached skill level 7 in Maces & Flails
  4919 | D:6      | Reached * piety under Ashenzari
  5030 | D:6      | Found a radiant altar of Vehumet.
  5333 | D:6      | Found Utekk's Armour Boutique.
  5336 | D:6      | Bought a +0 shield for 49 gold pieces
  5467 | D:6      | HP: 29/65 [orc warrior/+0 short sword (9)]
  5473 | D:6      | HP: 24/65 [orc warrior/+0 short sword (6)]
  5476 | D:6      | HP: 11/65 [orc warrior/+0 short sword (7)]
  5483 | D:6      | Reached skill level 8 in Maces & Flails
  5484 | D:6      | HP: 12/65 [orc wizard/+0 dagger (1)]
  5960 | D:7      | HP: 28/65 [wyvern (7)]
  5962 | D:7      | Reached skill level 7 in Fighting
  5962 | D:7      | Reached XP level 9. HP: 31/72 MP: 13/13
  6266 | D:7      | Reached skill level 1 in Shields
  6322 | D:7      | Noticed Harold
  6333 | D:7      | HP: 34/72 [Harold/+0 flail of crushing (9)]
  6336 | D:7      | HP: 12/72 [Harold/+0 flail of crushing (10)]
  6387 | D:7      | Killed Harold
  6387 | D:7      | Reached skill level 9 in Maces & Flails
  6387 | D:7      | Reached skill level 2 in Shields
  6396 | D:7      | HP: 21/73 [adder (1)]
  6777 | D:7      | Found an ornate altar of the Wu Jian Council.
  6920 | D:7      | Found a runed gate.
  6921 | D:7      | Found a runed gate.
  6922 | D:7      | Found a runed gate.
  6926 | D:7      | Noticed a cyclops
  6928 | D:7      | Noticed namelastname112's ghost (novice DrWn)
  6966 | D:7      | Found an opulent altar of Gozag.
  7110 | D:8      | Found a staircase to the Lair.
  7242 | D:8      | Reached skill level 8 in Fighting
  7267 | D:8      | Reached skill level 3 in Shields
  7391 | D:8      | Reached XP level 10. HP: 71/80 MP: 14/14
  7455 | D:8      | Reached ** piety under Ashenzari
  7778 | D:9      | Noticed a two-headed ogre
  7789 | D:9      | Killed a two-headed ogre
  7969 | D:9      | HP: 35/82 [ogre/+0 giant club (10)]
  7970 | D:9      | Reached skill level 10 in Maces & Flails
  8213 | D:9      | Found a staircase to the Orcish Mines.
  8351 | D:9      | Learned a level 2 spell: Blink
  8353 | D:9      | Learned a level 1 spell: Apportation
  8357 | D:9      | Learned a level 3 spell: Lesser Beckoning
  8362 | D:9      | Learned a level 4 spell: Passage of Golubria
  8382 | D:9      | Reached skill level 4 in Shields
  8414 | D:9      | Found a hide-covered altar of Uskayaw.
  9084 | D:10     | Entered Level 10 of the Dungeon
  9086 | D:10     | Reached *** piety under Ashenzari
  9454 | D:10     | Found a runed gate.
  9456 | D:10     | Found a runed gate.
  9457 | D:10     | Found a runed gate.
  9458 | D:10     | Noticed a yaktaur captain
  9460 | D:10     | Noticed lurker's ghost (novice MiBe)
  9460 | D:10     | Noticed a centaur warrior
  9512 | D:10     | Reached skill level 9 in Fighting
  9781 | Orc:1    | Entered Level 1 of the Orcish Mines
  9783 | Orc:1    | Noticed an orc knight
  9807 | Orc:1    | Killed an orc knight
  9832 | Orc:1    | Noticed an orc knight
  9845 | Orc:1    | Killed an orc knight
  9866 | Orc:1    | Found a dark tunnel.
  9892 | Volcano  | Entered a volcano
  9949 | Volcano  | HP: 41/83 [fire bat (3)]
  9952 | Volcano  | HP: 19/83 [fire bat (3)]
  9964 | Volcano  | Reached skill level 5 in Shields
  9965 | Volcano  | HP: 9/83 [fire bat (4)]
 10697 | Volcano  | Reached **** piety under Ashenzari
 10752 | Volcano  | Reached XP level 11. HP: 78/89 MP: 15/15
 10827 | Volcano  | Found a burning altar of Makhleb.
 10855 | Volcano  | HP: 29/89 [earth elemental (28)]
 10859 | Volcano  | Reached skill level 1 in Armour
 10874 | Orc:1    | HP: 22/89 [gargoyle/stone arrow (5)]
 10881 | Orc:1    | HP: 14/89 [gargoyle/+0 flail (9)]
 11325 | D:6      | Bought a +2 plate armour of fire resistance for 440 gold
                  | pieces
 11432 | Orc:1    | Noticed an orc sorcerer
 11438 | Orc:1    | Noticed a sun demon
 11442 | Orc:1    | Noticed an orc knight
 11447 | Orc:1    | Killed an orc sorcerer
 11458 | Orc:1    | HP: 43/89 [ogre/+0 giant spiked club (15)]
 11663 | Orc:1    | HP: 37/90 [orc knight/+3 battleaxe (23)]
 11675 | D:9      | Killed an orc knight
 11675 | D:9      | Reached skill level 2 in Armour
 11986 | Orc:1    | Identified the +5 ring mail "Cisasagy" {rElec rF- rC-
                  | Str+9}
 12278 | Orc:2    | Entered Level 2 of the Orcish Mines
 12417 | Orc:2    | Found a staircase to the Elven Halls.
 12453 | Orc:1    | Noticed an orc sorcerer
 12479 | Orc:1    | Noticed a sun demon
 12699 | Orc:1    | Killed an orc sorcerer
 12699 | Orc:1    | Reached skill level 10 in Fighting
 13044 | Lair:1   | Entered Level 1 of the Lair of Beasts
 13055 | Lair:1   | Noticed a four-headed hydra
 13066 | Lair:1   | Killed a four-headed hydra
 13066 | Lair:1   | Reached skill level 3 in Armour
 13066 | Lair:1   | Reached skill level 6 in Shields
 13590 | Lair:1   | Reached ***** piety under Ashenzari
 13980 | Lair:2   | Reached skill level 4 in Armour
 14003 | Lair:2   | HP: 40/92 [yak (10)]
 14020 | Lair:2   | HP: 33/92 [wolf (4)]
 14031 | Lair:2   | HP: 29/92 [wolf (6)]
 14048 | Lair:2   | HP: 30/92 [wolf (2)]
 14054 | Lair:2   | HP: 27/92 [wolf (4)]
 14062 | Lair:2   | HP: 25/92 [wolf (4)]
 14080 | Lair:2   | HP: 23/92 [wolf (1)]
 14415 | Lair:2   | Noticed a five-headed hydra
 14439 | Lair:2   | Killed a five-headed hydra
 14440 | Lair:2   | HP: 45/92 [wolf (5)]
 14444 | Lair:2   | Reached skill level 5 in Armour
 14859 | Lair:2   | Found a blossoming altar of Fedhas.
 14951 | Lair:2   | Reached XP level 12. HP: 74/99 MP: 16/16
 14973 | Lair:2   | Reached skill level 7 in Shields
 15491 | Lair:3   | Noticed a five-headed hydra
 15509 | Lair:3   | Killed a five-headed hydra
 15509 | Lair:3   | Reached skill level 11 in Fighting
 15745 | Lair:3   | Found a runed door.
 15747 | Lair:3   | Noticed Loge's ghost (journeyman TeAE)
 15823 | Lair:3   | Found a staircase to the Shoals.
 15858 | Lair:3   | Reached skill level 6 in Armour
 16061 | Lair:3   | HP: 41/100 [spiny frog (12)]
 16353 | Lair:3   | Found a hole to the Spider Nest.
 16395 | Lair:3   | HP: 44/100 [komodo dragon (19)]
 16400 | Lair:3   | HP: 27/100 [komodo dragon (9)]
 17356 | Lair:4   | Reached skill level 7 in Armour
 17367 | Lair:4   | Noticed Nergalle
 17408 | Lair:4   | Killed Nergalle
 17441 | Lair:4   | Noticed Snorg
 17460 | Lair:4   | HP: 49/100 [Snorg (5)]
 18734 | Lair:4   | HP: 49/100 [Snorg (3)]
 18738 | Lair:4   | Killed Snorg
 18738 | Lair:4   | Reached skill level 8 in Shields
 19379 | Lair:5   | Found a staircase to the Slime Pits.
 19504 | Lair:5   | Noticed a six-headed hydra
 19520 | Lair:5   | Killed a six-headed hydra
 19520 | Lair:5   | Reached skill level 8 in Armour
 19819 | Lair:5   | Noticed an eight-headed hydra
 19960 | Lair:5   | Killed an eight-headed hydra
 19960 | Lair:5   | Gained mutation: You are in touch with the powers of death.
                  | [Mummy growth]
 19960 | Lair:5   | Reached XP level 13. HP: 75/107 MP: 17/17
 20767 | Lair:6   | Entered Level 6 of the Lair of Beasts
 20813 | Lair:5   | Reached skill level 12 in Fighting
 21695 | Lair:6   | Reached skill level 9 in Armour
 22004 | Lair:6   | HP: 52/108 [hell hound/blast of flame (8)]
 22507 | Lair:6   | Found a runed door.
 22508 | Lair:6   | Found a shimmering altar of Xom.
 22508 | Lair:6   | Noticed Yrixi's ghost (journeyman MiBe)
 22837 | Lair:6   | Reached ****** piety under Ashenzari
 22887 | Lair:6   | Reached skill level 9 in Shields
 22896 | Lair:6   | Found a burning altar of Makhleb.
 23017 | Lair:6   | Found a gateway to Hell.
 23180 | Lair:6   | Found a runed door.
 23181 | Lair:6   | Found a shimmering altar of Xom.
 23519 | Lair:6   | Found a burning altar of Makhleb.
 23524 | Lair:6   | Found a gateway to Hell.
 24134 | Orc:2    | HP: 50/109 [orc warrior/bolt (8)]
 24159 | Orc:2    | HP: 28/109 [orc warrior/bolt (3)]
 24171 | Orc:2    | HP: 30/109 [warg (1)]
 24666 | Orc:2    | Reached skill level 10 in Armour
 24679 | Orc:2    | HP: 40/109 [orc warrior/bolt (20)]
 24694 | Orc:2    | HP: 40/109 [orc warrior/+0 glaive (3)]
 24701 | Orc:2    | HP: 40/109 [orc warrior/bolt (2)]
 25271 | Orc:2    | Found Menug's Book Emporium.
 25271 | Orc:2    | Found Cuitsiqu's Distillery.
 25273 | Orc:2    | Found Guavy's Assorted Antiques.
 25275 | Orc:2    | Found Xiacyamm's General Store.
 25541 | Orc:2    | Found a staircase to the Elven Halls.
 25949 | Orc:2    | Found Cuitsiqu's Distillery.
 25949 | Orc:2    | Found Menug's Book Emporium.
 25951 | Orc:2    | Found Xiacyamm's General Store.
 25953 | Orc:2    | Found Guavy's Assorted Antiques.
 25957 | Orc:2    | Bought a scroll of identify for 54 gold pieces
 25957 | Orc:2    | Bought a scroll of identify for 54 gold pieces
 25957 | Orc:2    | Bought a scroll of enchant weapon for 202 gold pieces
 25957 | Orc:2    | Bought a scroll of teleportation for 81 gold pieces
 26046 | D:9      | Identified the +5 ring mail "Cisasagy" {rElec rF- rC-
                  | Str+9}
 26080 | D:11     | Found a labyrinth entrance.
 26084 | Lab      | Entered a labyrinth
 26375 | Lab      | Noticed a minotaur
 26390 | Lab      | Killed a minotaur
 26396 | Lab      | Identified Ujauroem's Volume of Evil
 26397 | Lab      | Identified the ring "Woreil" {rPois rC+ MP+9 Dex-2}
 26397 | Lab      | Identified the ring "Zoezoh" {Ice rN+ Int+4 Dex+2}
 26622 | Lab      | HP: 52/109 [minotaur zombie (12)]
 26850 | D:11     | Found a hide-covered altar of Uskayaw.
 27033 | D:11     | HP: 54/109 [manticore (11)]
 27044 | D:11     | HP: 50/109 [manticore (6)]
 27497 | D:11     | Identified the +11 hand axe of Ganianir {drain, +Rage rF+
                  | Str+2}
 27541 | D:11     | Reached XP level 14. HP: 66/116 MP: 18/18
 28018 | D:11     | Found a runed door.
 28164 | D:11     | Reached skill level 13 in Fighting
 28164 | D:11     | Reached skill level 1 in Axes
 28790 | D:12     | Found a deep blue altar of Sif Muna.
 29116 | D:12     | Reached skill level 2 in Axes
 29424 | D:13     | Found a white marble altar of Elyvilon.
 29599 | D:13     | Reached skill level 3 in Axes
 29961 | D:13     | HP: 57/118 [large slime creature (14)]
 29971 | D:13     | HP: 44/118 [slime creature (2)]
 29978 | D:13     | HP: 25/118 [slime creature (11)]
 30607 | D:13     | Reached skill level 10 in Shields
 30714 | D:14     | Reached skill level 4 in Axes
 30922 | D:14     | HP: 58/118 [white ugly thing (5)]
 30942 | D:14     | HP: 39/118 [deep elf mage/lance of force (24)]
 31220 | D:14     | Identified the ring of Sif Muna's Outrage {Fire +Inv rPois}
 31244 | D:14     | Identified the +1 ring mail "Faschiwe" {rElec Str+4}
 31271 | D:14     | Found a shadowy altar of Dithmenos.
 31297 | D:14     | Identified Roxanne's Almanac of Transmutation
 31297 | D:14     | Noticed Roxanne
 31455 | D:14     | HP: 58/118 [hippogriff (8)]
 31475 | D:14     | HP: 46/118 [hippogriff (6)]
 31480 | D:14     | HP: 45/118 [basilisk (2)]
 31487 | D:14     | HP: 30/118 [orc priest/divine providence (6)]
 31495 | D:14     | HP: 25/118 [orc priest/divine providence (8)]
 31854 | D:14     | Found a runed door.
 31856 | D:14     | Noticed Ryjemun Deg's ghost (journeyman SpEn)
 32024 | D:14     | Reached skill level 11 in Armour
 32051 | D:14     | HP: 50/119 [vault guard/+1 vampiric halberd (11)]
 32063 | D:14     | HP: 46/119 [vault guard/+0 long sword of protection (7)]
 32070 | D:14     | HP: 44/119 [vault guard/+0 long sword of protection (2)]
 32354 | D:14     | Found a gate to the Vaults.
 33006 | D:14     | Killed Ryjemun Deg's ghost
 33180 | D:7      | Killed namelastname112's ghost
 33374 | D:10     | Killed lurker's ghost
 33374 | D:10     | Reached skill level 14 in Fighting
 33374 | D:10     | Reached XP level 15. HP: 126/126 MP: 19/19
 33610 | Lair:3   | Killed Loge's ghost
 33933 | Lair:6   | Killed Yrixi's ghost
 33939 | Lair:6   | Paralysed by a +0 morningstar of chaos for 4 turns
 33940 | Lair:6   | HP: 61/126 [+0 morningstar of chaos (11)]
 33950 | Lair:6   | Paralysed by a +0 morningstar of chaos for 7 turns
 33951 | Lair:6   | HP: 42/126 [+0 morningstar of chaos (3)]
 34356 | Spider:1 | Entered Level 1 of the Spider Nest
 34369 | Spider:1 | Reached skill level 5 in Axes
 34459 | Spider:1 | Reached skill level 6 in Axes
 34577 | Spider:1 | Reduced skill Maces & Flails to level 9
 34636 | Spider:1 | Reached skill level 7 in Axes
 34665 | Spider:1 | Reached skill level 11 in Shields
 34812 | Spider:1 | Noticed Agnes
 34838 | Spider:1 | Killed Agnes
 34838 | Spider:1 | Reduced skill Maces & Flails to level 8
 34838 | Spider:1 | Reached skill level 8 in Axes
 35110 | Spider:1 | Reached skill level 9 in Axes
 35170 | Spider:1 | Reduced skill Maces & Flails to level 7
 35560 | Spider:2 | Noticed a ghost moth
 35574 | Spider:2 | Killed a ghost moth
 35577 | Spider:2 | Identified the +1 shield "Quffa" {rElec Int+6}
 35585 | Spider:2 | Noticed a ghost moth
 35596 | Spider:2 | HP: 61/127 [demonic crawler (5)]
 35601 | Spider:2 | Killed a ghost moth
 35601 | Spider:2 | HP: 47/127 [demonic crawler (7)]
 35894 | Spider:2 | Identified a scroll of acquirement
 35903 | Spider:2 | Reached skill level 12 in Armour
 35936 | Spider:2 | Identified the cursed ring "Paot" {rF+ rN+ MP+9 Str+2
                  | Stlth+} (You acquired it on level 2 of the Spider Nest)
 36262 | Spider:2 | Found the +8 longbow "Zephyr" {speed, Dex+3 SInv}
 36481 | Spider:3 | Found a transporter.
 37028 | Spider:3 | Identified the cursed ring of Atas {+Inv Int+5 Slay-2}
 37028 | Spider:3 | Found a transporter.
 37029 | Spider:3 | Identified the amulet of Mistrust {Spirit Fragile Str+6
                  | Stlth+}
 37123 | Spider:3 | Learned a level 5 spell: Dispel Undead
 37281 | Spider:3 | Noticed a ghost moth
 37301 | Spider:3 | Killed a ghost moth
 37408 | Spider:4 | Entered Level 4 of the Spider Nest
 37597 | Spider:4 | Reached XP level 16. HP: 105/134 MP: 20/20
 37783 | Spider:4 | Reached skill level 15 in Fighting
 38251 | Spider:4 | Reached skill level 13 in Armour
 38465 | Spider:4 | Reached skill level 12 in Shields
 38519 | Spider:4 | HP: 67/136 [disintegration (24)]
 38740 | Spider:4 | Got a gossamer rune of Zot
 39001 | Shoals:1 | Entered Level 1 of the Shoals
 39649 | Shoals:1 | Noticed a kraken
 39668 | Shoals:1 | HP: 58/136 [kraken (20)]
 39672 | Shoals:1 | Killed a kraken
 40243 | Shoals:2 | Reached skill level 2 in Dodging
 40458 | Shoals:2 | Identified the amulet of Anoifesm {Spirit Int+4}
 40830 | Shoals:2 | Noticed Louise
 40848 | Shoals:2 | Noticed Ilsuiw
 40854 | Shoals:2 | Cast into level 3 of the Abyss (Louise)
 40855 | Abyss:3  | Noticed a tentacled starspawn
 40929 | Abyss:3  | Killed a tentacled starspawn
 40950 | Abyss:3  | Reached skill level 14 in Armour
 40974 | Shoals:2 | Escaped the Abyss
 40979 | Shoals:2 | Killed Louise
 40979 | Shoals:2 | Reached skill level 3 in Dodging
 41297 | Shoals:2 | Killed Ilsuiw
 41553 | Shoals:2 | Reached XP level 17. HP: 144/144 MP: 21/21
 42268 | Shoals:3 | Reached skill level 4 in Dodging
 42269 | Shoals:3 | Reached skill level 16 in Fighting
 42763 | Shoals:3 | Found Kegij's Food Emporium.
 42882 | Shoals:3 | Noticed a kraken
 42892 | Shoals:3 | Killed a kraken
 42963 | Shoals:4 | Entered Level 4 of the Shoals
 43402 | Shoals:4 | Noticed a kraken
 43408 | Shoals:4 | HP: 69/144 [manticore/volley of spikes (13)]
 43410 | Shoals:4 | Reached skill level 5 in Dodging
 43412 | Shoals:4 | Reached skill level 15 in Armour
 43413 | Shoals:4 | HP: 62/145 [cloud of flame (2)]
 43419 | Shoals:4 | HP: 57/145 [merfolk impaler/exploding inner flame[the
                  | player character] (2)]
 43490 | Shoals:4 | HP: 54/145 [water elemental (8)]
 43786 | Shoals:4 | Killed a kraken
 44199 | Shoals:4 | Got a barnacled rune of Zot
 44611 | Elf:1    | Entered Level 1 of the Elven Halls
 44649 | Elf:1    | HP: 63/146 [deep elf mage/bolt of lightning (18)]
 44998 | Elf:1    | Cast into level 2 of the Abyss (a deep elf demonologist)
 45255 | Abyss:2  | Reached XP level 18. HP: 112/153 MP: 22/22
 45458 | Abyss:2  | HP: 62/153 [wretched star/orb of energy (25)]
 45661 | Abyss:2  | Reached skill level 16 in Armour
 45768 | Elf:1    | Escaped the Abyss
 45769 | Elf:1    | Noticed a Tzitzimitl
 45778 | Elf:1    | Reached skill level 17 in Fighting
 45802 | Elf:1    | Identified the Disquisition on Battle Magic and Calling
 46401 | Elf:1    | HP: 73/154 [+6 dire flail of protection (16)]
 46409 | Elf:1    | HP: 73/155 [battlesphere[a deep elf mage] (3)]
 46421 | Elf:1    | HP: 70/155 [deep elf archer/arrow (6)]
 46931 | Elf:2    | Found a deep blue altar of Sif Muna.
 46996 | Elf:2    | Found Qiecwour's Antique Weapon Shop.
 46998 | Elf:2    | Found Nolucuw's Mayhem Merchandise.
 47065 | Elf:2    | Reached skill level 6 in Dodging
 47199 | Elf:2    | Reached skill level 10 in Axes
 47279 | Elf:2    | Found a large runed door.
 47279 | Elf:2    | Found a large runed door.
 47308 | Elf:2    | Found a large runed door.
 47308 | Elf:2    | Found a large runed door.
 47430 | Elf:2    | HP: 77/155 [+1 battleaxe of chopping (10)]
 47714 | Elf:2    | Cast into level 2 of the Abyss (+1 flail of distortion)
 47766 | Abyss:2  | Found a deep blue altar of Sif Muna.
 47930 | Abyss:2  | Noticed a hellephant
 48153 | Abyss:2  | Reached skill level 7 in Dodging
 48161 | Abyss:2  | Reduced skill Maces & Flails to level 6
 48180 | Elf:2    | Escaped the Abyss
 48214 | Elf:2    | Reached skill level 11 in Axes
 48504 | Elf:2    | Reduced skill Maces & Flails to level 5
 48822 | Elf:3    | Entered Level 3 of the Elven Halls
 48936 | Elf:3    | Reached XP level 19. HP: 163/163 MP: 23/23
 48954 | Elf:3    | Found Hutiunats's Distillery.
 48955 | Elf:3    | Found Boxu's Weapon Shoppe.
 48955 | Elf:3    | Found Xoatim's Jewellery Emporium.
 48959 | Elf:3    | Found Bafysale's Armour Shoppe.
 48972 | Elf:3    | Bought the ring of Eskyf {rPois rC+ rN+ MR+ Int+4} for 550
                  | gold pieces
 49035 | Elf:3    | Learned a level 5 spell: Aura of Abjuration
 49238 | Elf:3    | Found Sesolig's Antique Armour Shoppe.
 49308 | Elf:3    | Reached skill level 18 in Fighting
 49329 | Elf:3    | Reached skill level 12 in Axes
 49340 | Elf:3    | Reached skill level 8 in Dodging
 49721 | Elf:3    | Identified the +9 falchion of Exhibitionism {speed, rPois
                  | rC+ Str+4}
 49831 | Elf:3    | Identified the Grimoire of the Dark Volcanoes
 49854 | Elf:3    | Identified the +5 lajatang of Quxebb {antimagic, +Inv rPois
                  | rF++ Dex-5}
 50045 | Elf:3    | Identified the +7 plate armour of Dovuh {rPois rN+ Dex-2
                  | Stlth+}
 50371 | Vaults:1 | Entered Level 1 of the Vaults
 50469 | Vaults:1 | Noticed Saint Roka
 50482 | Vaults:1 | HP: 72/164 [Saint Roka/divine providence (11)]
 50487 | Vaults:1 | HP: 53/164 [yaktaur captain (8)]
 50492 | Vaults:1 | HP: 30/164 [Saint Roka/divine providence (6)]
 50519 | Vaults:1 | HP: 25/164 [yaktaur captain/bolt (13)]
 51036 | Vaults:1 | Killed Saint Roka
 51422 | Vaults:1 | Reduced skill Maces & Flails to level 4
 51435 | Vaults:1 | Reached skill level 9 in Dodging
 51490 | Vaults:1 | Reduced skill Maces & Flails to level 3
 51490 | Vaults:1 | Reached skill level 13 in Axes
 51557 | Vaults:1 | Reduced skill Maces & Flails to level 2
 51621 | Vaults:1 | Identified the +7 war axe of Ronn {chop, +Blink rF+}
 51721 | Vaults:1 | Reduced skill Maces & Flails to level 1
 52845 | Vaults:2 | Reached XP level 20. HP: 166/172 MP: 24/24
 52875 | Vaults:2 | Reached skill level 19 in Fighting
 53039 | Vaults:2 | Reached skill level 10 in Dodging
 53311 | Vaults:2 | Reached skill level 14 in Axes
 53547 | Vaults:2 | Found Oshruok's Food Shop.
 54764 | Vaults:2 | Found a runed gate.
 54764 | Vaults:2 | Found a runed gate.
 54764 | Vaults:2 | Found a runed gate.
 54766 | Vaults:2 | Noticed Tazamm's ghost (adept MiBe)
 54819 | Vaults:2 | HP: 86/176 [Tazamm's ghost (20)]
 54827 | Vaults:2 | HP: 73/176 [ettin simulacrum (10)]
 54833 | Vaults:2 | HP: 62/176 [ettin simulacrum (7)]
 54839 | Vaults:2 | HP: 34/176 [Tazamm's ghost (27)]
 54841 | Vaults:2 | HP: 6/176 [Tazamm's ghost (28)]
 55652 | Vaults:3 | Found a flickering gateway to a bazaar.
 55659 | Vaults:3 | Reached skill level 3 in Spellcasting
 55668 | Vaults:3 | Reached skill level 1 in Necromancy
 55710 | Bazaar   | Entered a bazaar
 55880 | Bazaar   | Found Keimeiq's General Store.
 55880 | Bazaar   | Found Sisatip's Armour Emporium.
 55886 | Bazaar   | Bought a scroll of remove curse for 54 gold pieces
 55916 | Bazaar   | Found Zogon's Book Shoppe.
 55916 | Bazaar   | Found Wiocs's Gadget Shoppe.
 55934 | Bazaar   | Bought a wand of digging (3) for 154 gold pieces
 55953 | Bazaar   | Bought a scroll of summoning for 171 gold pieces
 56005 | Vaults:3 | Reached skill level 2 in Necromancy
 56106 | Vaults:3 | Reached skill level 4 in Spellcasting
 56177 | Vaults:3 | Reached skill level 20 in Fighting
 56369 | Vaults:3 | Reached skill level 3 in Necromancy
 56382 | Vaults:3 | Reached skill level 15 in Axes
 56395 | Vaults:3 | Reached skill level 5 in Spellcasting
 56534 | Vaults:3 | Reached XP level 21. HP: 171/183 MP: 28/28
 56578 | Vaults:3 | Found a staircase to the Crypt.
 56922 | Vaults:3 | Reached skill level 4 in Necromancy
 57092 | Vaults:3 | Reached skill level 6 in Spellcasting
 57332 | Vaults:4 | Reached skill level 1 in Evocations
 57356 | Vaults:4 | Reached skill level 1 in Summonings
 57753 | Vaults:4 | Reached skill level 5 in Necromancy
 57762 | Vaults:4 | Reached skill level 2 in Summonings
 57766 | Vaults:4 | Reached skill level 7 in Spellcasting
 57928 | Vaults:4 | Learned a level 8 spell: Infestation
 57935 | Vaults:4 | Learned a level 6 spell: Deflect Missiles
 58349 | Vaults:4 | Identified the cursed -3 hat of Coziomor {rF+ rC+}
 58366 | Vaults:4 | Found a radiant altar of Vehumet.
 58394 | Vaults:4 | Identified the +2 robe of Julik {-Tele rF++ Regen+ Int+4}
 58534 | Vaults:4 | Reached skill level 3 in Summonings
 58986 | Vaults:5 | Entered Level 5 of the Vaults
 58986 | Vaults:5 | Noticed Xtahua
 58993 | Vaults:5 | Reached skill level 8 in Spellcasting
 58994 | Vaults:5 | Reached skill level 6 in Necromancy
 58996 | Vaults:5 | HP: 91/184 [vault guard/exploding inner flame[the player
                  | character] (5)]
 59002 | Vaults:4 | HP: 52/184 [Xtahua (15)]
 59003 | Vaults:4 | Killed Xtahua
 59417 | Crypt:1  | Entered Level 1 of the Crypt
 59660 | Crypt:1  | Reached skill level 4 in Summonings
 59779 | Crypt:1  | HP: 64/184 [ancient champion/iron shot (34)]
 59780 | Crypt:1  | HP: 26/184 [ancient champion/iron shot (39)]
 59781 | Crypt:1  | HP: 12/184 [spectral titan[a curse skull] (10)]
 59781 | Crypt:1  | HP: 1/184 [skeletal warrior/+4 dire flail of protection[an
                  | ancient champion] (11)]
 59791 | Crypt:1  | Reached XP level 22. HP: 7/192 MP: 5/34
 60922 | Crypt:2  | Reduced skill Maces & Flails to level 0
 60933 | Crypt:2  | Reached skill level 9 in Spellcasting
 61001 | Crypt:2  | Identified the cursed +0 robe of Gravity {rN+}
 61055 | Crypt:2  | Noticed Bai Suzhen
 61081 | Crypt:2  | Killed Bai Suzhen
 61081 | Crypt:2  | Reached skill level 7 in Necromancy
 61804 | Crypt:3  | Entered Level 3 of the Crypt
 61889 | Crypt:3  | Reached skill level 16 in Axes
 62049 | Crypt:3  | Noticed Jory
 62052 | Crypt:3  | Killed Jory
 62052 | Crypt:3  | Reached skill level 5 in Summonings
 62442 | Crypt:3  | Reached skill level 10 in Spellcasting
 62474 | Crypt:3  | Noticed Mennas
 62475 | Crypt:3  | Found a staircase to the Tomb.
 62568 | Crypt:3  | Identified the +2 eveningstar of Shrieking Terror {freeze,
                  | rPois rF+}
 62594 | Crypt:3  | HP: 96/192 [skeletal warrior/+0 trident (2)]
 62605 | Crypt:3  | HP: 86/192 [smoke demon/divine providence (7)]
 62616 | Crypt:3  | HP: 73/192 [hell knight/+5 demon trident of pain (4)]
 62626 | Crypt:3  | HP: 55/192 [hell knight/+5 demon trident of pain (20)]
 62673 | Crypt:3  | HP: 64/192 [skeletal warrior/+0 dagger of pain (8)]
 63467 | Crypt:3  | Found an ancient bone altar of Kikubaaqudgha.
 63476 | Crypt:3  | Reached skill level 3 in Translocations
 63478 | Crypt:3  | Noticed an ancient lich
 63493 | Crypt:3  | Killed an ancient lich
 63598 | Crypt:3  | Learned a level 6 spell: Darkness
 63961 | Crypt:3  | Reached skill level 11 in Spellcasting
 64068 | Crypt:3  | Identified the Tome of Evil Magic
 64595 | D:14     | Found a shadowy altar of Dithmenos.
 64618 | D:14     | Killed Roxanne
 65156 | D:15     | Entered Level 15 of the Dungeon
 65247 | D:15     | Found a staircase to the Depths.
 65398 | D:15     | Found a portal to a secret trove of treasure.
 65751 | D:15     | Found a snail-covered altar of Cheibriados.
 66236 | D:15     | Identified the cursed ring "Efuqerecs" {*Corrode rPois rC+
                  | MR+ Stlth+} (You acquired it on level 15 of the Dungeon)
 66266 | Depths:1 | Entered Level 1 of the Depths
 66325 | Depths:1 | Found Umpicuj's Jewellery Emporium.
 66326 | Depths:1 | Found Resumpim's Gadget Boutique.
 66327 | Depths:1 | Found Rusch's Jewellery Emporium.
 66364 | Depths:1 | Reached skill level 17 in Axes
 66398 | Depths:1 | Found a gateway to a ziggurat.
 66450 | Depths:1 | Reached XP level 23. HP: 170/198 MP: 38/38
 66758 | Depths:1 | Found a shattered altar of Ashenzari.
 67197 | Depths:2 | Paralysed by a floating eye for 2 turns
 67300 | Depths:2 | Noticed a juggernaut
 67317 | Depths:2 | Killed a juggernaut
 67317 | Depths:2 | Reached skill level 12 in Spellcasting
 67780 | Depths:2 | Identified the +6 scale mail "Fumioh" {rN+ Str+3 Stlth+}
 68416 | Depths:3 | Found a one-way gate to the infinite horrors of the Abyss.
 68697 | Depths:3 | HP: 91/198 [stone giant (17)]
 69077 | Depths:3 | Found a one-way gate leading to the halls of Pandemonium.
 69202 | Depths:3 | HP: 98/198 [deep troll shaman (18)]
 69212 | Depths:3 | HP: 45/198 [iron troll (17)]
 69838 | Depths:4 | Noticed Margery
 69859 | Depths:4 | Reached skill level 11 in Dodging
 69867 | Depths:4 | HP: 98/198 [Margery/+4 great sword (7)]
 69877 | Depths:4 | HP: 96/198 [frost giant/bolt of cold (4)]
 69886 | Depths:4 | HP: 83/198 [Margery/bolt of fire (8)]
 69898 | Depths:4 | HP: 86/198 [hell knight/puff of flame[Margery] (2)]
 69942 | Depths:4 | Killed Margery
 69943 | Depths:4 | HP: 98/198 [necromancer/bolt of fire (4)]
 69948 | Depths:4 | HP: 94/198 [frost giant/bolt of cold (2)]
 69962 | Depths:4 | HP: 94/198 [hell knight/+1 halberd (4)]
 69963 | Depths:4 | Reached skill level 13 in Spellcasting
 69967 | Depths:4 | HP: 73/198 [hell knight/+1 halberd (8)]
 69976 | Depths:4 | HP: 62/198 [hell knight/+1 halberd (9)]
 69981 | Depths:4 | HP: 62/198 [hell knight/+1 halberd (1)]
 69994 | Depths:4 | HP: 42/198 [hell knight/+3 great mace of pain (9)]
 70028 | Depths:4 | HP: 45/198 [hell knight/+3 demon blade (9)]
 70090 | Depths:3 | HP: 67/198 [ice dragon (4)]
 70471 | Depths:4 | Reached skill level 18 in Axes
 70596 | Depths:4 | HP: 97/198 [deep troll (10)]
 71231 | Depths:4 | HP: 97/198 [two-headed ogre/+0 giant club (10)]
 71244 | Depths:4 | HP: 95/198 [large slime creature (6)]
 71254 | Depths:4 | HP: 97/198 [fire dragon/blast of flame (1)]
 71260 | Depths:4 | HP: 87/198 [large abomination[a deep elf high priest] (12)]
 71265 | Depths:4 | HP: 73/198 [deep elf high priest/+0 long sword (9)]
 71267 | Depths:4 | HP: 31/198 [large abomination[a deep elf high priest] (21)]
 71643 | Depths:4 | Reached XP level 24. HP: 192/206 MP: 40/40
 72237 | Depths:4 | Reached skill level 14 in Spellcasting
 72323 | Depths:5 | Entered Level 5 of the Depths
 72386 | Depths:5 | Reached skill level 12 in Dodging
 72465 | Depths:5 | HP: 99/206 [spriggan air mage/the air (11)]
 72474 | Depths:5 | HP: 97/206 [spriggan air mage (5)]
 72481 | Depths:5 | HP: 88/206 [spriggan air mage/bolt of lightning (4)]
 72795 | Depths:4 | HP: 102/206 [lich (9)]
 73159 | Depths:5 | Found a gate to the Realm of Zot.
 73172 | Depths:5 | Reached skill level 8 in Necromancy
 73220 | Depths:5 | HP: 102/206 [stone giant/large rock (4)]
 73230 | Depths:5 | HP: 88/206 [stone giant (9)]
 74107 | Vaults:2 | Killed Tazamm's ghost
 74107 | Vaults:2 | Reached skill level 15 in Spellcasting
 74329 | Vaults:5 | Noticed an ancient lich
 74335 | Vaults:5 | Killed an ancient lich
 74402 | Vaults:5 | Reached skill level 19 in Axes
 74553 | Vaults:5 | Reached skill level 9 in Necromancy
 74665 | Vaults:5 | Noticed an ancient lich
 74669 | Vaults:5 | Killed an ancient lich
 74691 | Vaults:5 | HP: 96/206 [vault warden/bolt (12)]
 74703 | Vaults:5 | HP: 85/206 [ettin/+0 dire flail (6)]
 74707 | Vaults:5 | HP: 19/206 [ettin/+0 dire flail (25)]
 74708 | Vaults:5 | Identified the cursed +1 broad axe of Pain and Death
                  | {drain, rF+ rN+ Int+4}
 74713 | Vaults:5 | Noticed an ancient lich
 74716 | Vaults:5 | Killed from afar by an ancient lich

Vanquished Creatures
  3 ancient liches
  A juggernaut (Depths:2)
  Margery (Depths:4)
  Saint Roka (Vaults:1)
  Xtahua (Vaults:4)
  Bai Suzhen (Crypt:2)
  3 golden dragons
  A bone dragon (Crypt:3)
  Jory (Crypt:3)
  7 liches
  The ghost of Tazamm the Executioner, an adept MiBe of Trog (Vaults:2)
  2 tentacled monstrosities
  2 deep elf blademasters
  2 titans
  A deep elf master archer (Elf:3)
  4 sphinxes
  An ancient champion (Crypt:2)
  3 tentacled starspawn
  3 krakens
  2 shadow dragons (Vaults:5)
  Agnes (Spider:1)
  4 storm dragons
  Roxanne (D:14)
  4 tengu reavers
  3 revenants
  An azure jelly (shapeshifter) (Depths:5)
  Ilsuiw (Shoals:2)
  6 deep elf sorcerers
  An iron dragon (Depths:5)
  5 frost giants
  An orc warlord (Vaults:4)
  8 fire giants
  3 ghost moths
  8 emperor scorpions
  6 deep elf elementalists
  8 vault wardens
  The ghost of Yrixi the Severer, a journeyman MiBe of Trog (Lair:6)
  13 ironheart preservers
  2 curse skulls
  Louise (Shoals:2)
  2 draconian stormcallers (Depths:5)
  8 very ugly things
  21 stone giants
  4 entropy weavers
  A reaper (Depths:3)
  4 vampire knights
  A juggernaut skeleton (Crypt:2)
  8 deep elf demonologists
  3 war gargoyles (Crypt:3)
  3 red draconians (Depths:5)
  The ghost of Ryjemun Deg the Unseen, a journeyman SpEn of Kikubaaqudgha (D:14)
  A black draconian (Depths:5)
  A green draconian (Depths:5)
  5 deep elf annihilators
  A minotaur (Lab)
  A spark wasp (Depths:2)
  5 merfolk javelineers
  Snorg (Lair:4)
  2 eidola (Crypt:2)
  5 ettins
  8 deep elf death magi
  9 yaktaur captains
  A blizzard demon (Depths:4)
  4 deep elf high priests
  5 jiangshi
  A green death (Abyss:2)
  7 great orbs of eyes
  The ghost of Loge the Zephyrmancer, a journeyman TeAE of Sif Muna (Lair:3)
  35 vault guards
  4 merfolk impalers (Shoals:4)
  11 fire dragons
  11 ice dragons
  Harold (D:7)
  5 rakshasas
  10 centaur warriors
  8 merfolk avatars
  5 spriggan air magi
  A spectral sphinx (Vaults:2)
  8 hydras
  An anaconda (shapeshifter) (Elf:1)
  The ghost of lurker the Fighter, a novice MiBe of Trog (D:10)
  A satyr (Shoals:4)
  3 death knights
  30 two-headed ogres
  3 alligator snapping turtles (Shoals:2)
  A spectral fire giant (Vaults:2)
  2 catoblepae
  A satyr (shapeshifter) (D:11)
  4 merfolk aquamancers
  24 dancing weapons
  4 vampire magi
  15 ogre magi
  4 hell hogs (Depths:5)
  8 tengu warriors
  8 deep troll shamans
  A spectral stone giant (Vaults:2)
  A spectral frost giant (Vaults:2)
  6 deep troll earth magi
  A titan zombie (Crypt:3)
  An orc high priest (Elf:1)
  Nergalle (Lair:4)
  30 deep elf knights
  3 thrashing horrors (Abyss:2)
  6 spriggan berserkers
  A spriggan (Depths:2)
  A soul eater (Depths:4)
  17 hell knights
  3 sixfirhies
  2 iron trolls
  6 wretched stars
  A gelid demonspawn (Depths:4)
  39 skeletal warriors
  2 spectral yaktaurs (Vaults:2)
  A shadow wraith (Vaults:3)
  A spatial maelstrom (Abyss:2)
  15 deep elf archers
  8 unseen horrors
  A death drake (Abyss:2)
  An anaconda zombie (Crypt:1)
  24 deep trolls
  A golden dragon skeleton (Crypt:3)
  6 wizards
  13 sea snakes
  3 flayed ghosts
  3 glowing orange brains
  The ghost of namelastname112 the Fighter, a novice DrWn of Gozag (D:7)
  A shadow dragon zombie (Crypt:3)
  5 harpies
  16 ironbrand convokers
  4 phantasmal warriors
  2 harpies (shapeshifter)
  A mana viper (shapeshifter) (Depths:1)
  12 orb spiders
  8 necromancers
  A spectral ettin (Vaults:2)
  11 orc knights
  3 fauns (Shoals:4)
  A spectral elf (Vaults:2)
  26 wolf spiders
  79 deep elf magi
  3 frost giant zombies
  11 cyclopes
  6 orc sorcerers
  8 slime creatures
  A stone giant zombie (Vaults:4)
  13 manticores
  A moth of wrath (shapeshifter) (Depths:1)
  32 ugly things
  2 frost giant skeletons (Crypt:3)
  A dire elephant zombie (Crypt:1)
  An elephant (Lair:6)
  7 vault sentinels
  2 fire giant skeletons
  A black mamba (shapeshifter) (D:13)
  16 merfolk sirens
  2 stone giant skeletons
  2 naga magi (Vaults:4)
  2 moths of wrath (Spider:4)
  6 water nymphs
  4 black mambas
  5 orange demons
  A rust devil (Depths:3)
  A titan simulacrum (Abyss:2)
  7 gargoyles
  5 smoke demons
  3 human zombies
  10 centaur skeletons
  2 minotaur zombies (Lab)
  5 rime drakes
  9 spiny frogs
  2 shock serpent skeletons
  3 efreet
  A white draconian zombie (Crypt:2)
  A sea snake zombie (Crypt:1)
  2 ice devils
  2 komodo dragons
  5 guardian mummies
  66 yaktaurs
  9 demonic crawlers
  A golden dragon simulacrum (Vaults:2)
  8 red devils
  7 freezing wraiths
  7 harpy zombies
  2 hellwings
  3 ancient zymes (Abyss:2)
  5 trolls
  A sea snake skeleton (Crypt:1)
  A meliai (D:11)
  2 human skeletons
  A queen bee (shapeshifter) (Vaults:1)
  6 tengu conjurers
  26 jumping spiders
  30 merfolk
  A harpy skeleton (Crypt:3)
  4 hornets
  A polar bear (Lair:4)
  6 wind drakes
  An iron dragon simulacrum (Crypt:1)
  2 ettin zombies
  6 raiju
  A death drake skeleton (Crypt:2)
  14 hippogriffs
  An ice dragon zombie (Crypt:3)
  A dream sheep (shapeshifter) (Depths:4)
  14 dream sheep
  A hydra skeleton (Crypt:3)
  A spriggan zombie (D:15)
  A fire giant simulacrum (Vaults:2)
  A ynoxinul (Abyss:2)
  A hippogriff (shapeshifter) (Vaults:4)
  8 snapping turtles
  66 redbacks
  A fire dragon skeleton (Crypt:3)
  4 air elementals
  9 shadows
  23 tarantellas
  A redback (shapeshifter) (Vaults:5)
  10 wraiths
  36 yaks
  2 fire bats (Volcano)
  5 vampires (Crypt:3)
  3 wyverns
  8 large abominations
  16 water elementals
  A basilisk (shapeshifter) (Vaults:4)
  4 basilisks
  A hog (shapeshifter) (Elf:2)
  2 fire elementals
  2 neqoxecs
  4 hungry ghosts
  4 human simulacra (Vaults:2)
  3 chaos spawn
  Edmund (D:6)
  A tengu zombie (D:15)
  A yaktaur simulacrum (Vaults:4)
  An insubstantial wisp (Elf:2)
  Menkaure (D:5)
  8 wargs
  2 acid dragons (Vaults:1)
  A merfolk zombie (Crypt:2)
  A soldier ant (shapeshifter) (Vaults:5)
  3 soldier ants
  10 hell hounds
  5 porcupines
  11 water moccasins
  A torturous demonspawn skeleton (Crypt:2)
  A hornet zombie (D:9)
  47 orc warriors
  A floating eye (Depths:2)
  4 black bears
  4 sky beasts
  4 ice beasts
  A phantom (D:3)
  3 necrophages
  An eye of draining (shapeshifter) (Depths:5)
  A black bear (shapeshifter) (Elf:2)
  An ettin simulacrum (Vaults:2)
  14 wolves
  7 boggarts
  34 ogres
  30 centaurs
  A swamp dragon skeleton (Crypt:2)
  9 crocodiles
  2 hippogriff zombies (Shoals:2)
  4 small abominations
  18 bullfrogs
  9 big kobolds
  A big kobold (shapeshifter) (Depths:4)
  3 earth elementals
  3 wyvern zombies
  A yaktaur skeleton (Crypt:2)
  A glowing shapeshifter simulacrum (Vaults:2)
  A water moccasin zombie (D:11)
  4 scorpions
  A warg zombie (Crypt:2)
  A queen bee zombie (Crypt:1)
  5 killer bees (D:13)
  5 wights (D:9)
  4 howler monkeys
  4 electric eels
  5 lava snakes (Volcano)
  3 crimson imps
  2 bullfrog zombies
  4 centaur zombies
  3 quasits
  2 starcursed masses (Abyss:2)
  7 hounds
  4 jellies
  19 orc priests
  22 orc wizards
  4 bullfrog skeletons
  4 iguanas
  3 iron imps
  11 worker ants
  Ijyb (D:3)
  A porcupine skeleton (Crypt:1)
  A demigod zombie (Crypt:1)
  A dwarf skeleton (Crypt:2)
  A felid skeleton (Crypt:1)
  2 hound zombies (D:11)
  A hound skeleton (D:5)
  4 mummies (Crypt:1)
  2 worker ant zombies
  4 gnolls (D:8)
  9 adders
  3 shadow imps
  3 white imps (Depths:4)
  3 ufetubi
  6 oozes
  2 adder zombies
  2 worms
  5 dart slugs
  6 leopard geckos
  93 orcs
  2 ball pythons
  3 giant cockroaches
  5 hobgoblins
  2 quokkas
  A ball python skeleton (D:4)
  7 bats
  5 frilled lizards
  A giant cockroach zombie (D:5)
  8 goblins
  30 kobolds
  2 leopard gecko skeletons
  3 quokka skeletons
  7 rats
  3 crawling corpses
  2 plants
  6 starspawn tentacles
  8 tentacles
2057 creatures vanquished.

Vanquished Creatures (collateral kills)
  An ancient champion (Crypt:1)
  A curse skull (Crypt:1)
2 creatures vanquished.

Vanquished Creatures (others)
  A two-headed ogre (Vaults:3)
  An orb spider (Spider:1)
  A jumping spider (Spider:1)
  An air elemental (Elf:1)
  A shadow (Crypt:2)
  A redback (Spider:1)
  A hell hound (Depths:5)
  An orc (Elf:1)
  A quokka (D:13)
  A kobold (D:14)
  16 fungi
  23 plants
  8 starspawn tentacles
  15 tentacles
  39 withered plants
111 creatures vanquished.

Grand Total: 2170 creatures vanquished

Table legend:
 A = Turns spent in this place as a percentage of turns spent in the entire game.
 B = Non-inter-level travel turns spent in this place as a percentage of non-inter-level travel turns spent in the entire game.
 C = Inter-level travel turns spent in this place as a percentage of turns spent in this place.
 D = Turns resting spent in this place as a percentage of non-inter-level travel turns spent in this place.
 E = Turns spent auto-exploring this place as a percentage of non-inter-level travel turns spent in this place.
 F = Non-inter-level travel turns spent in this place divided by the number of levels of this place that you've seen.
                   A       B       C       D       E      F
               +-------+-------+-------+-------+-------+----------------------
         Total | 100.0 | 100.0 |   5.6 |  35.6 |  38.9 | 1330.8
       Dungeon |  26.2 |  25.7 |   7.6 |  31.1 |  44.7 | 1206.5
          Lair |  16.1 |  16.2 |   4.8 |  38.7 |  44.0 | 1904.3
        Shoals |   7.2 |   7.2 |   5.4 |  36.5 |  33.6 | 1263.2
   Spider Nest |   6.0 |   6.1 |   3.6 |  32.3 |  39.5 | 1078.5
  Orcish Mines |   5.4 |   5.2 |   8.7 |  42.5 |  35.7 | 1844.0
   Elven Halls |   5.5 |   5.5 |   4.8 |  32.0 |  38.5 | 1302.0
        Vaults |  12.8 |  12.8 |   5.6 |  34.7 |  34.0 | 1806.2
         Crypt |   6.0 |   5.9 |   6.6 |  28.2 |  45.7 | 1389.7
        Depths |  10.4 |  10.6 |   3.5 |  41.2 |  35.9 | 1499.6
         Abyss |   1.8 |   1.9 |   0.0 |  36.9 |   9.7 | 452.0
     Labyrinth |   1.0 |   1.1 |   0.0 |  50.2 |   0.0 | 765.0
        Bazaar |   0.3 |   0.4 |   0.0 |  61.8 |  26.0 | 254.0
       Volcano |   1.3 |   1.4 |   0.0 |  56.1 |  24.9 | 977.0
               +-------+-------+-------+-------+-------+----------------------
